 Dungeon Crawl Stone Soup version 0.28-a0-938-gbc3f381ebc (webtiles) character file.

Game seed: 5505590929110278623

152 ragingrage the Spear-Bearer (level 5, -5/38 HPs)
             Began as a Merfolk Gladiator on Nov 30, 2021.
             Killed by nerve-wracking pain
             ... invoked by an orc priest
              (9 damage)
             ... on level 3 of the Dungeon.
             The game lasted 00:02:54 (3055 turns).

ragingrage the Spear-Bearer (Merfolk Gladiator)     Turns: 3055, Time: 00:02:54

Health: -5/38      AC:  5    Str: 16    XL:     5   Next: 34%
Magic:  5/5        EV: 10    Int:  7    God:
Gold:   118        SH:  0    Dex: 15    Spells: 4/4 levels left

rFire   . . .      SeeInvis .   a - +0 trident
rCold   . . .      Faith    .   i - +0 kite shield
rNeg    . . .      Spirit   .   b - +0 leather armour
rPois   .          Reflect  .   o - +1 helmet
rElec   .          Harm     .   l - scarf {+Inv}
rCorr   .          Rampage  .   (no gloves)
Will    .....                   (no boots)
Stlth   +.........              (no amulet)
HPRegen 0.12/turn               (no ring)
MPRegen 0.09/turn               (no ring)

@: confused, lethally poisoned (-5 -> -13), ambrosia-drunk
A: (nimble swimmer 2), mertail
a: Evoke Invisibility


You were on level 3 of the Dungeon.
You visited 1 branch of the dungeon, and saw 4 of its levels.

You collected 118 gold pieces.

Inventory:

Hand Weapons
 a - a +0 trident (weapon)
Missiles
 d - 2 throwing nets
 f - 35 poisoned darts (quivered)
 m - 6 datura-tipped darts
Armour
 b - a +0 leather armour (worn)
 c - a +0 helmet
 i - a +0 kite shield (worn)
 l - a scarf of invisibility (worn)
 o - a +1 helmet (worn)
Scrolls
 e - a scroll of fear {unknown}
 g - 2 scrolls of identify {unknown}
 h - 3 scrolls of teleportation {unknown}
 j - a scroll of acquirement {unknown}
 k - a scroll of amnesia {unknown}
 p - a scroll of vulnerability {unknown}


   Skills:
 - Level 2.1 Fighting
 * Level 8.5 Polearms
 - Level 2.0 Throwing
 - Level 4.0 Dodging


You had 4 spell levels left.
You didn't know any spells.
Your spell library contained the following spells:

 Spells                   Type           Power      Damage    Failure   Level
 Dazzling Flash           Conj/Hex       0%         N/A       100%        3
 Summon Guardian Golem    Hex/Summ       0%         N/A       100%        3
 Agony                    Necr           0%         N/A       100%        5
 Silence                  Hex/Air        0%         N/A       100%        5
 Orb of Destruction       Conj           0%         N/A       100%        7
 Spellforged Servitor     Conj/Summ      0%         N/A       100%        7


Dungeon Overview and Level Annotations

Branches:
Dungeon (4/15)
 Temple: D:4-7

Altars:
Dithmenos
Hepliaklqana


Innate Abilities, Weirdness & Mutations

((You are quick and stealthy near water. (Stealth+, EV+, Speed+++)))
Your lower body shifts to a powerful aquatic tail in water.


Message History

No target in view!
No target in view!
No target in view!
No target in view!
No target in view!
No target in view!
No target in view!
No target in view!
No target in view!
You climb downwards.
A kobold comes into view. It is wielding a +0 dagger.
The worm bites you but does no damage. The orc barely misses you.
There is a stone staircase leading up here.
The kobold throws a stone.
You block the stone. You block the orc priest's attack.
The orc barely misses you. The worm bites you!
You climb upwards.
There is a stone staircase leading down, spattered with blood here.
Unknown command.
You hit the orc priest.
The orc priest is lightly wounded.
The orc priest hits you with a +2 falchion of venom.
You are poisoned.
The orc hits you with a +0 mace.
You hit the orc priest.
The orc priest is heavily wounded.
You feel very sick.
The orc priest invokes the aid of Beogh against you.
Beogh smites you!
* * * LOW HITPOINT WARNING * * *
You block the orc's attack. The worm bites you.
* * * LOW HITPOINT WARNING * * *
It was a potion of ambrosia.
You are confused.
You feel invigorated.
* * * LOW HITPOINT WARNING * * *
You feel very sick.
The orc priest mumbles some strange prayers to Beogh against you.
Pain shoots through your body!
You die...

#.......÷##.###########.#
#........##.............#
#.#'####..#.#############
#.#.####..#.#.....###
#.#....#..(.#.....'.#
#.####.##.#.#.....#.#
#.......)...'.....#'#####
##....####wo#...........#
#...('...o@#...........#
#....##########........#
#....# #.........#
#....####### #.§§.))...#
#....).....# #.§.#)#####
#..........#######.#
#####.....)........#
#..)..)#########
#.####)#.......#


You could see a worm, an orc priest and an orc.

Vanquished Creatures
  Terence (D:3)
  Robin (D:3)
  3 gnolls (D:2)
  2 adders (D:3)
  A worm (D:3)
  A dart slug (D:2)
  2 orcs (D:3)
  4 endoplasms
  5 giant cockroaches
  14 goblins
  4 hobgoblins
  2 jackals
  5 kobolds
  2 quokkas
  5 ball pythons
  2 bats
  5 frilled lizards
  5 rats
64 creatures vanquished.

Notes
Turn   | Place    | Note
-------+----------+-------------------------------------------
     0 | D:1      | ragingrage the Merfolk Gladiator began the quest for the
                  | Orb.
     0 | D:1      | Reached XP level 1. HP: 16/16 MP: 1/1
   349 | D:1      | Reached skill level 5 in Polearms
   612 | D:1      | Reached XP level 2. HP: 22/22 MP: 2/2
  1259 | D:2      | Found a faded altar of an unknown god.
  1455 | D:2      | Reached skill level 6 in Polearms
  1455 | D:2      | Reached XP level 3. HP: 25/27 MP: 3/3
  1753 | D:2      | Reached XP level 4. HP: 33/33 MP: 4/4
  1843 | D:2      | Reached skill level 7 in Polearms
  2051 | D:3      | Found a hazy altar of Hepliaklqana.
  2115 | D:3      | Noticed Terence
  2155 | D:3      | Found a shadowy altar of Dithmenos.
  2165 | D:3      | Noticed Robin
  2203 | D:3      | Killed Robin
  2366 | D:3      | Killed Terence
  2367 | D:3      | Reached skill level 8 in Polearms
  2367 | D:3      | Reached XP level 5. HP: 8/38 MP: 5/5
  3055 | D:3      | Killed from afar by an orc priest

Illustrated notes

Levels and vault maps discovered:
D:1:      minmay_arrival_nine_rooms, layout_basic, nrook_mini_vaults
D:2:      layout_loops_ring, hellmonk_ecumenical_altar_lost_god,
          minmay_misc_feat_enclosed
D:3:      layout_basic, mainiacjoe_overflow_cross_hatched,
          grunt_dithmenos_smoke, uniq_terence, uniq_robin
D:4:      nicolae_cairo_tiling_large_dashed, layout_rooms, uniq_ijyb,
          uniq_menkaure

Skill      XL: |  1  2  3  4 |
---------------+-------------+-----
Polearms       | 5 6 8 |  8.5
Fighting       | |  2.1
Throwing       | |  2.0
Dodging        | |  4.0

Action                   |  1- 3 |  4- 6 || total
-------------------------+-------+-------++-------
Melee: Trident           |    95 |    96 ||   191
Throw: Throwing net      |     1 |       ||     1
       Dart              |       |     9 ||     9
  Use: Potion            |       |     1 ||     1
 Stab: Sleeping          |     2 |       ||     2
       Held in net/web   |     1 |       ||     1
Armor: Leather armour    |    13 |    30 ||    43
Dodge: Dodged            |    46 |    45 ||    91
Block: Kite shield       |     9 |    28 ||    37

Table legend: (Time is in decaauts)
 A = Elapsed time spent in this place.
 B = Non-inter-level travel time spent in this place.
 C = Inter-level travel time spent in this place.
 D = Time resting spent in this place.
 E = Time spent auto-exploring this place.
 F = Levels seen in this place.
 G = Mean time per level.
                   A        B        C        D        E       F      G
               +--------+--------+--------+--------+--------+-----+--------+
         Total |   3088 |   2991 |     97 |    564 |   1856 |   4 |  772.0 |
       Dungeon |   3088 |   2991 |     97 |    564 |   1856 |   4 |  772.0 |
               +--------+--------+--------+--------+--------+-----+--------+

Top non-repeatable levels by time:
     D:1: 1103 daAuts
     D:3: 1033 daAuts
     D:2: 946 daAuts
     D:4: 4 daAuts
